 Dungeon Crawl Stone Soup version 0.23-a0-171-g5ae17c6 (webtiles) character file.

174 Inarius the Skirmisher (level 5, -1/43 HPs)
             Began as a Mummy Fighter on Sept 13, 2018.
             Was an Initiate of Gozag.
             Blown up by Ijyb (10 damage)
             ... with a wand of disintegration (5)
             ... on level 3 of the Dungeon.
             The game lasted 00:03:49 (1906 turns).

Inarius the Skirmisher (Mummy Fighter)              Turns: 1906, Time: 00:03:49

Health: -1/43      AC:  9    Str: 20    XL:     5   Next: 28%
Magic:  5/5        EV: 13    Int:  8    God:    Gozag
Gold:   248        SH:  9    Dex: 16    Spells: 4/4 levels left

rFire    . . .     SeeInvis .   a - +0 long sword
rCold    + + .     Gourm    .   c - +0 shield
rNeg     + + +     Faith    .   b - +0 scale mail
rPois    ∞         Spirit   .   l - +0 helmet
rElec    +         Reflect  .   (no cloak)
rCorr    +         Harm     .   n - +0 pair of gloves
MR       .....                  (no boots)
Stlth    +.........             (no amulet)
HPRegen  0.14/turn              d - ring of flight
MPRegen  0.09/turn              (no ring)

@: agile, resistant, very slightly contaminated, invisible
A: no food or potions, fire vulnerability, cold resistance 1, negative energy
resistance 3, torment resistance, unbreathing
a: Potion Petition, Call Merchant, Bribe Branch, Renounce Religion, Evoke Flight


You were on level 3 of the Dungeon.
You worshipped Gozag.
Gozag was aware of your devotion.
You were not hungry.

You visited 1 branch of the dungeon, and saw 3 of its levels.

You collected 276 gold pieces.
You paid 28 gold pieces to Gozag.

Inventory:

Hand Weapons
 a - a +0 long sword (weapon)
Armour
 b - a +0 scale mail (worn)
 c - a +0 shield (worn)
 l - a +0 helmet (worn)
 n - a +0 pair of gloves (worn)
Jewellery
 d - a ring of flight (left hand)
 p - an uncursed ring of poison resistance {unknown}
Scrolls
 e - 3 scrolls of teleportation {unknown}
 f - a scroll of immolation {unknown}
 g - 2 scrolls of blinking {unknown}
 h - a scroll of remove curse {unknown}
 i - 4 scrolls of identify {unknown}
 j - a scroll of magic mapping {unknown}
 k - a scroll of fear {unknown}
 m - a scroll of amnesia {unknown}
 o - a scroll of random uselessness {unknown}


   Skills:
 * Level 4.4 Fighting
 - Level 1.5 Long Blades
 + Level 3.1 Armour
 + Level 1.3 Dodging
 + Level 3.2 Shields


You had 4 spell levels left.
You didn't know any spells.
Your spell library was empty.

Dungeon Overview and Level Annotations

Branches:
Dungeon (3/15)

Altars:
Gozag
Trog
Vehumet

Annotations:
D:3 3 runed doors, Arum's ghost, amateur MiGl; Ijyb


Innate Abilities, Weirdness & Mutations

You do not eat or drink.
Your flesh is vulnerable to fire.
You are immune to poison.
Your flesh is cold resistant. (rC+)
You are immune to negative energy. (rN+++)
You are immune to unholy pain and torment.
You can survive without breathing.


Message History

You hit Ijyb but do no damage.
Ijyb is heavily wounded.
You block Ijyb's attack. Ijyb barely misses you.
You strike the helpless Ijyb from behind!
You hit Ijyb.
Ijyb is heavily wounded.
Ijyb closely misses you.
You barely miss Ijyb.
Ijyb is heavily wounded.
Ijyb misses you.
You riposte.
You closely miss Ijyb.
Ijyb is heavily wounded.
You catch the helpless Ijyb completely off-guard!
You hit Ijyb but do no damage.
Ijyb is heavily wounded.
Ijyb barely misses you.
Ijyb zaps a wand.
You are blasted!
* * * LOW HITPOINT WARNING * * *
Your shield and scale mail prevent you from hitting Ijyb.
Ijyb is heavily wounded.
Ijyb zaps a wand.
You are blasted!
You die...

#..# ####.#
#..# #.# #..#
#.# #..#
#######.# #..#
........# #..#
.######.# ...#
#.# #.# #@#
#.....g.......
....###.#######
## #.# #.# #.#
..# #.#


You could see Ijyb.

Vanquished Creatures
  An orc wizard (D:3)
  Robin (D:2)
  4 adders
  An ooze (D:1)
  3 worms
  2 leopard geckos
  4 orcs
  11 bats
  5 giant cockroaches
  10 goblins
  7 hobgoblins
  8 jackals
  5 kobolds
  3 quokkas
  A ball python (D:2)
  5 frilled lizards (D:2)
  7 rats
78 creatures vanquished.

Notes
Turn   | Place    | Note
-------+----------+-------------------------------------------
     0 | D:1      | Inarius the Mummy Fighter began the quest for the Orb.
     0 | D:1      | Reached XP level 1. HP: 18/18 MP: 1/1
    70 | D:1      | Reached XP level 2. HP: 23/24 MP: 2/2
   307 | D:1      | Reached XP level 3. HP: 28/30 MP: 3/3
   708 | D:2      | Reached skill level 4 in Fighting
   708 | D:2      | Reached XP level 4. HP: 32/37 MP: 4/4
  1022 | D:2      | Noticed Robin
  1046 | D:2      | Killed Robin
  1477 | D:2      | Found an opulent altar of Gozag.
  1502 | D:2      | Became a worshipper of Gozag Ym Sagoz the Greedy
  1544 | D:2      | Found a bloodstained altar of Trog.
  1628 | D:3      | Reached skill level 1 in Dodging
  1661 | D:3      | Reached XP level 5. HP: 40/42 MP: 5/5
  1751 | D:3      | Noticed Arum's ghost (amateur MiGl)
  1754 | D:3      | Found a runed gate.
  1754 | D:3      | Found a runed gate.
  1754 | D:3      | Found a runed gate.
  1851 | D:3      | Found a radiant altar of Vehumet.
  1889 | D:3      | Noticed Ijyb
  1906 | D:3      | Blown up by Ijyb

Vault maps used:
D:1:      scummos_arrival_forest, glass_columns_a
D:2:      nicolae_gozag_seed_capital, trog_book, uniq_robin
D:3:      marbit_many_paths, gammafunk_ghost_split, first_ration,
          fedhas_altar_fruit_tree, uniq_ijyb

Skill      XL: |  1  2  3  4 |
---------------+-------------+-----
Fighting       | 4 |  4.4
Shields        | 3 |  3.2
Armour         | 3 |  3.1
Dodging        | 1 |  1.3
Long Blades    | |  1.5

Action                   |  1- 3 |  4- 6 || total
-------------------------+-------+-------++-------
Melee: Long sword        |   127 |   140 ||   267
Invok: Potion Petition   |       |     1 ||     1
 Stab: Invisible         |       |     3 ||     3
Armor: Scale mail        |    73 |    66 ||   139
Dodge: Dodged            |    40 |    50 ||    90
Block: Shield            |    65 |    70 ||   135
       Rpst.: Long sword |    13 |    14 ||    27

Table legend:
 A = Non-vault XP
 B = Vault XP
 C = Vault XP percentage of total XP
 D = Non-vault monster count
 E = Vault monster count
 F = Vault count percentage of total count
                 A         B        C        D         E       F
            +---------+---------+-------+---------+---------+-------
      Total |     217 |      32 |  12.9 |      70 |       8 |  10.3
            +---------+---------+-------+---------+---------+-------
        D:1 |      51 |       0 |   0.0 |      27 |       0 |   0.0
        D:2 |      64 |      27 |  29.7 |      24 |       7 |  22.6
        D:3 |     102 |       5 |   4.7 |      19 |       1 |   5.0
            +---------+---------+-------+---------+---------+-------
